 Dungeon Crawl Stone Soup version bcrawl-1.37.2 (webtiles) character file.

Game seed: 8217945365047652818

610636 foxfromabyss the Hoplite (level 18, 0/163 HPs)
             Began as a Minotaur Gladiator on Dec 9, 2022.
             Was the Champion of Okawaru.
             Slain by an Ice Fiend (6 damage)
             ... in an ice cave.
             The game lasted 00:48:55 (30410 turns).

foxfromabyss the Hoplite (Minotaur Gladiator)      Turns: 30410, Time: 00:48:55

Health: 0/163      AC: 26    Str: 29    XL:     18   Next: 42%
Magic:  18/23      EV: 16    Int:  6    God:    Okawaru [******]
Gold:   2796       SH: 35    Dex: 12    Spells: 17/17 levels left

rFire    + + .     GDR:     38% L - +1 scimitar (vamp)
rCold    + . .     SeeInvis +   w - +2 large shield
rNeg     . . .     Gourm    .   B - +4 chain mail {rF+}
rPois    +         Faith    .   h - +1 hat {SInv}
rElec    +         Spirit   .   m - scarf {repulsion}
rCorr    +         Reflect  .   J - +1 pair of gloves {Str+3}
MR       +....                  S - +2 pair of boots {Stlth++}
Stlth    ++........             b - amulet of regeneration
HPRegen  0.91/turn              Z - ring of poison resistance
MPRegen  0.18/turn              c - ring of insulation

@: resistant, heroism, finesse, lightly drained, repel missiles
A: retaliatory headbutt, horns 2, repulsion field 1, MP-powered wands
a: Heroism, Finesse, Renounce Religion


You were in an ice cave.
You worshipped Okawaru.
Okawaru was exalted by your worship.
You were hungry.

You visited 7 branches of the dungeon, and saw 26 of its levels.
You also visited: Sewer, Ossuary and Ice Cave.

You collected 3075 gold pieces.
You spent 279 gold pieces at shops.

Inventory:

Hand Weapons
 L - a +1 vampiric scimitar (weapon)
Missiles
 d - 3 throwing nets {=f}
 o - 965 poisoned tomahawks (quivered)
 P - 93 steel javelins
Armour
 h - a +1 hat of see invisible (worn)
 m - a scarf of repulsion (worn)
 w - a +2 large shield (worn)
 B - a +4 chain mail of fire resistance (worn)
 J - a +1 pair of gloves of strength (worn)
 S - a +2 pair of boots of stealth (worn)
Jewellery
 b - an amulet of regeneration (around neck)
 c - a ring of insulation (right hand)
 Z - a ring of poison resistance (left hand)
Wands
 i - a wand of scattershot (3)
 p - a wand of disintegration (12)
 I - a wand of digging (21)
 R - a wand of iceblast (8)
 U - a wand of acid (7)
 V - a wand of clouds (6)
 W - a wand of paralysis (5)
Scrolls
 a - a scroll of summoning
 j - 6 scrolls of fog
 k - 14 scrolls of teleportation
 l - 8 scrolls of enchant weapon
 q - 2 scrolls of fear
 y - 4 scrolls of enchant armour
 E - 5 scrolls of blinking
 F - 4 scrolls of amnesia
 K - 3 scrolls of silence
 Q - a scroll of magic mapping
 X - 5 scrolls of immolation
 Y - a scroll of vulnerability
Potions
 g - 4 potions of magic
 s - 9 potions of curing
 t - 6 potions of mutation
 u - 4 potions of lignification
 v - 3 potions of haste
 x - 5 potions of cancellation
 z - a potion of might
 A - 2 potions of brilliance
 C - 5 potions of flight
 D - 3 potions of agility
 H - 2 potions of ambrosia
 N - 3 potions of resistance
 O - 2 potions of invisibility
Comestibles
 e - 43 rations {!d}


   Skills:
 + Level 15.2(19.4) Fighting
 - Level 20.0(24.0) Long Blades
 - Level 5.0(9.3) Throwing
 - Level 14.0(18.2) Armour
 - Level 13.4(17.6) Dodging
 - Level 22.0(26.0) Shields
 - Level 8.7(8.1) Invocations


You had 17 spell levels left.
You didn't know any spells.
Your spell library contained the following spells:

 Spells                   Type           Power        Failure   Level  Hunger
 Infusion                 Chrm           #.......     100%        1    None
 Magic Dart               Conj           #...         100%        1    None
 Necrotize                Necr           #.....       100%        1    None
 Slow                     Hex            #.......     100%        1    None
 Blink                    Tloc           N/A          100%        2    ####...
 Call Imp                 Summ           #.....       100%        2    ####...
 Ensorcelled Hibernation  Hex/Ice        #.....       100%        2    ####...
 Song of Slaying          Chrm           #.......     100%        2    ####...
 Sublimation of Blood     Necr           #.........   100%        2    ####...
 Swiftness                Chrm/Air       #.......     100%        2    ####...
 Confuse                  Hex            #.......     100%        3    #####..
 Conjure Flame            Conj/Fire      #.......     100%        3    #####..
 Dazzling Orbs            Conj/Hex       #......      100%        3    #####..
 Ignite Poison            Fire/Tmut/Pois #.......     100%        3    #####..
 Mephitic Cloud           Conj/Pois/Air  #.......     100%        3    #####..
 Ozocubu's Armour         Chrm/Ice       #.......     100%        3    #####..
 Regeneration             Chrm/Necr      #.........   100%        3    #####..
 Spectral Weapon          Hex/Chrm       #.......     100%        3    #####..
 Spider Form              Tmut/Pois      #..          100%        3    #####..
 Tukima's Dance           Hex            #.......     100%        3    #####..
 Vampiric Draining        Necr           #.........   100%        3    #####..
 Agony                    Necr           #.......     100%        4    ######.
 Animate Dead             Necr           N/A          100%        4    ######.
 Cause Fear               Hex            #.........   100%        4    ######.
 Petrify                  Tmut/Erth      #.........   100%        4    ######.
 Sticky Flame             Conj/Fire      #.......     100%        4    ######.
 Bolt of Magma            Conj/Fire/Erth #.........   100%        5    #######
 Dispel Undead            Necr           #.......     100%        5    #######
 Iskenderun's Battlesphe  Conj/Chrm      #.......     100%        5    #######
 Metabolic Englaciation   Hex/Ice        #.........   100%        5    #######
 Piercing Shot            Chrm           #.........   100%        5    #######
 Steam Barrier            Chrm/Fire      #.........   100%        5    #######
 Infestation              Hex/Tmut/Pois  #........    100%        6    #######
 Iron Shot                Conj/Erth      #.........   100%        6    #######
 Ozocubu's Refrigeration  Ice            #.........   100%        6    #######
 Statue Form              Tmut/Erth      #........    100%        6    #######
 Virulence                Hex/Pois       #.......     100%        6    #######
 Discord                  Hex            #.........   100%        7    #######
 Mana Rupture             Conj/Hex       #.........   100%        7    #######
 Time Stop                Chrm/Tloc      N/A          100%        8    #######
 Shatter                  Erth           #.........   100%        9    #######


Dungeon Overview and Level Annotations

Branches:
Dungeon (12/12)            Temple (1/1) D:7            Lair (6/6) D:9
  Snake (3/3) Lair:3       Spider (0/3) Lair:2        Slime (0/5) Lair:5
    Orc (1/1) D:10            Elf (1/3) Orc          Vaults (2/3) D:11
  Crypt (0/2) Vaults:2     Depths (0/5) D:12

Altars:
Ashenzari
Cheibriados
Dithmenos
Elyvilon
Fedhas
Gozag
Hepliaklqana
Kikubaaqudgha
Makhleb
Nemelex Xobeh
Okawaru
Qazlal
Ru
Sif Muna
Trog
Uskayaw
Vehumet
Wu Jian
Xom
Yredelemnul
Zin
The Shining One
Jiyva

Shops:
D:12 (   Orc [:?:=   Elf:1 (   Snake:2 }=}   Vaults:1 (

Annotations:
Snake:1 2 transporters, Quickbrownfox's ghost, adept MiAc
Snake:3 1 exclusion


Innate Abilities, Weirdness & Mutations

You reflexively headbutt those who attack you in melee.
You have a pair of horns on your head.
You are surrounded by a mild repulsion field. (EV +2)
You expend magic power (3 MP) to strengthen your wands.


Message History

* * * LOW HITPOINT WARNING * * *
The Ice Fiend gestures at you. The bolt of cold misses you.
You closely miss the Ice Fiend. You headbutt the Ice Fiend.
The Ice Fiend is lightly wounded.
You are engulfed in freezing vapours.
You resist.
* * * LOW HITPOINT WARNING * * *
You block the Ice Fiend's attack. x2
Okay, then.
You can now deal lightning-fast blows.
The Ice Fiend gestures at you. You resist. The bolt of cold hits you!
* * * LOW HITPOINT WARNING * * *
Your shield prevents you from hitting the Ice Fiend.
You headbutt the Ice Fiend.
The Ice Fiend is lightly wounded.
You barely miss the Ice Fiend. You headbutt the Ice Fiend.
The Ice Fiend is lightly wounded.
The Ice Fiend claws you.
You die...

##########
#☼.Z##...#######
#ZZ°##1@.##...#..#
#..1° ########..#
###### ...°
#..#####.≈≈#≈ ...
##..##..≈#≈≈≈ #.
###...##≈≈≈# #
#####≈≈≈##
#≈≈#≈≈≈≈ ≈≈≈≈≈≈≈≈≈
≈≈≈≈≈≈≈##


You could see an Ice Fiend and an iron troll simulacrum.

Vanquished Creatures
  Vashnia (Snake:2)
  Gastronok (Lair:2)
  Asterion (Snake:2)
  3 nagarajas
  A frost giant (Vaults:2)
  Louise (Snake:2)
  3 vault wardens
  2 war gargoyles (Vaults:2)
  3 stone giants (Vaults:2)
  Aizul (Snake:1)
  6 very ugly things
  5 ironheart preservers
  The ghost of yrara the Cleaver, a journeyman DsFi of Gozag (Lair:3)
  7 dire elephants
  2 entropy weavers (Vaults:2)
  Josephine (Lair:6)
  5 hydras
  6 yaktaur captains
  5 ice dragons
  Fannar (Lair:2)
  4 naga warriors
  Erolcha (D:10)
  2 great orbs of eyes (Vaults:1)
  2 vault guards (Vaults:1)
  A two-headed ogre (shapeshifter) (Vaults:2)
  2 anacondas
  7 ogre magi
  A catoblepas (Lair:6)
  2 death knights
  4 dancing weapons
  28 two-headed ogres
  4 deep troll shamans
  A sea snake (shapeshifter) (Vaults:1)
  A queen ant (Lair:5)
  3 death yaks (Lair:6)
  A tengu warrior (D:12)
  8 naga sharpshooters
  4 shock serpents
  2 ironheart beastmasters
  21 slime creatures
  8 centaur warriors
  2 salamander mystics (Snake:1)
  6 deep trolls
  6 hell knights
  2 deep elf knights
  A glowing orange brain (Vaults:2)
  A skeletal warrior (D:11)
  2 wizards
  A necromancer (Vaults:1)
  8 cyclopes
  A wolf spider zombie (D:12)
  7 ironheart convokers
  2 deep elf archers
  2 mana vipers
  An orb spider (Lair:2)
  A phantasmal warrior (D:11)
  8 orc knights
  A wolf spider (D:12)
  11 ugly things
  6 deep elf magi (Elf:1)
  10 salamanders
  3 manticores
  A guardian serpent (Snake:1)
  6 naga magi
  16 elephants
  A torpor snail (Lair:4)
  15 black mambas
  7 vault sentinels
  11 cane toads
  7 rime drakes
  A yaktaur (shapeshifter) (Elf:1)
  A komodo dragon (shapeshifter) (Vaults:2)
  A harpy zombie (D:12)
  2 efreet
  21 yaktaurs
  3 anaconda simulacra (IceCv)
  8 freezing wraiths
  5 komodo dragons
  6 ice devils (IceCv)
  3 tengu conjurers (D:12)
  An eye of draining (D:12)
  A wolf spider simulacrum (IceCv)
  4 trolls
  A queen bee (D:11)
  A polar bear (Lair:4)
  A merfolk (D:10)
  A hornet (D:12)
  Grum (Lair:4)
  6 harpy skeletons
  15 hippogriffs
  3 human simulacra
  5 dream sheep (Lair:4)
  A hippogriff (shapeshifter) (Vaults:2)
  An air elemental (Elf:1)
  Sigmund (D:6)
  A spriggan (D:10)
  A shadow (D:12)
  5 wraiths
  A dire elephant simulacrum (IceCv)
  31 yaks
  Eustachio (D:5)
  A vampire (D:11)
  11 wyverns
  A human (D:10)
  A yak (shapeshifter) (Vaults:1)
  11 basilisks
  2 hungry ghosts
  3 redbacks (Vaults:2)
  A steam dragon (Lair:4)
  5 wargs
  4 harpy simulacra
  2 iron troll simulacra (IceCv)
  5 hydra simulacra (IceCv)
  6 water moccasins
  15 nagas
  An acid dragon (D:12)
  12 crocodiles
  12 porcupines
  Duvessa (D:7)
  A soldier ant (shapeshifter) (Vaults:1)
  19 soldier ants
  5 ice beasts
  18 orc warriors
  A meliai simulacrum (D:9)
  An alligator simulacrum (IceCv)
  2 phantoms
  5 black bears
  2 hornet zombies
  36 ogres
  15 wolves
  4 boggarts
  12 bullfrogs
  5 kobold brigands
  Blork the orc (D:6)
  2 gnoll sergeants
  3 elf skeletons (D:8)
  Dowan (D:7)
  3 elf zombies
  14 centaurs
  4 scorpions
  27 killer bees (D:11)
  An elephant simulacrum (IceCv)
  5 howler monkeys
  15 orc priests
  3 crimson imps
  4 draconian simulacra (IceCv)
  2 quasits
  9 hounds
  6 jellies
  2 human zombies
  12 orc wizards
  Jessica (D:3)
  A human skeleton (D:8)
  Ijyb (D:5)
  6 iguanas
  A spriggan simulacrum (IceCv)
  13 hell rats
  A polar bear simulacrum (IceCv)
  4 troll simulacra (IceCv)
  39 worker ants
  A wolf simulacrum (IceCv)
  2 kobold zombies (Ossuary)
  A hound zombie (D:7)
  2 hound skeletons
  4 mummies (Ossuary)
  12 gnolls
  8 adders
  3 naga simulacra (IceCv)
  An ogre simulacrum (IceCv)
  2 river rats (D:5)
  A shadow imp (D:11)
  5 white imps (IceCv)
  2 ufetubi
  2 centaur simulacra (IceCv)
  An ooze (Sewer)
  2 adder zombies
  5 adder skeletons
  5 dart slugs
  3 worms
  9 leopard geckos
  46 orcs
  4 bats
  6 giant cockroaches
  6 goblins
  10 hobgoblins
  13 jackals
  23 kobolds
  2 quokkas
  7 ball pythons
  4 frilled lizards
  2 gnoll zombies (Ossuary)
  A hobgoblin zombie (Ossuary)
  A jackal zombie (D:6)
  An orc skeleton (D:8)
  6 orc zombies
  17 rats
  A rat zombie (Ossuary)
1065 creatures vanquished.

Vanquished Creatures (others)
  An ogre mage (D:12)
  A wizard (Vaults:1)
  An orc priest (Vaults:2)
  A bush (Lair:3)
  10 fungi
  25 plants
39 creatures vanquished.

Grand Total: 1104 creatures vanquished

Notes
Turn   | Place    | Note
-------+----------+-------------------------------------------
     0 | D:1      | foxfromabyss the Minotaur Gladiator began the quest for the
                  | Orb.
     0 | D:1      | Reached XP level 1. HP: 19/19 MP: 0/0
   158 | D:1      | Reached XP level 2. HP: 25/27 MP: 1/1
   162 | D:1      | Reached skill level 1 in Armour
   426 | D:1      | Reached XP level 3. HP: 33/33 MP: 2/2
  1316 | D:2      | Reached XP level 4. HP: 38/40 MP: 3/3
  1478 | D:3      | Noticed Jessica
  1482 | D:3      | Killed Jessica
  1717 | D:3      | Reached XP level 5. HP: 46/47 MP: 4/4
  1940 | D:4      | Reached skill level 5 in Fighting
  1940 | D:4      | Reached skill level 5 in Long Blades
  2132 | D:4      | Reached XP level 6. HP: 53/56 MP: 5/5
  2944 | D:3      | Reached skill level 5 in Dodging
  3314 | D:4      | Found a shimmering blue altar of Sif Muna.
  3403 | D:5      | Entered Level 5 of the Dungeon
  3405 | D:5      | Found a glowing drain.
  3422 | D:5      | Reached XP level 7. HP: 37/62 MP: 6/6
  3502 | Sewer    | Entered a sewer
  3858 | D:5      | Noticed Eustachio
  3886 | D:5      | Killed Eustachio
  3887 | D:5      | Reached skill level 5 in Armour
  3887 | D:5      | Reached XP level 8. HP: 30/71 MP: 7/7
  4413 | D:5      | Noticed Ijyb
  4463 | D:5      | Killed Ijyb
  4774 | D:6      | Noticed a hippogriff
  4786 | D:6      | Killed a hippogriff
  4850 | D:6      | Reached skill level 10 in Long Blades
  4957 | D:6      | Noticed Blork the orc
  5149 | D:6      | Killed Blork the orc
  5234 | D:6      | Noticed a brown ugly thing
  5246 | D:6      | Killed a brown ugly thing
  5247 | D:6      | Reached XP level 9. HP: 65/78 MP: 8/8
  5287 | D:6      | Noticed Sigmund
  5295 | D:6      | Killed Sigmund
  5809 | D:7      | Found a staircase to the Ecumenical Temple.
  5811 | D:7      | Noticed Dowan
  5813 | D:7      | Noticed Duvessa
  5821 | D:7      | Killed Duvessa
  5827 | D:7      | Killed Dowan
  5882 | Temple   | Entered the Ecumenical Temple
  6459 | Temple   | Became a worshipper of Warmaster Okawaru
  6679 | D:7      | Noticed a troll
  6685 | D:7      | Killed a troll
  6950 | D:7      | Reached * piety under Okawaru
  7131 | D:8      | Found a glowing golden altar of the Shining One.
  7201 | D:8      | Reached XP level 10. HP: 61/84 MP: 9/9
  7305 | D:8      | HP: 4/84 [troll (11)]
  7420 | D:8      | Found a sand-covered staircase.
  7431 | Ossuary  | Entered an ossuary
  7616 | Ossuary  | Got an iridescent war axe
  7710 | D:8      | Reached ** piety under Okawaru
  8712 | D:9      | Reached *** piety under Okawaru
  8856 | D:9      | Found a staircase to the Lair.
  8857 | D:9      | Noticed an orc knight
  8898 | D:9      | Killed an orc knight
  8898 | D:9      | Reached **** piety under Okawaru
  8934 | D:9      | Reached XP level 11. HP: 95/95 MP: 10/10
  8938 | D:9      | Reached skill level 1 in Invocations
  9480 | Lair:1   | Entered Level 1 of the Lair of Beasts
  9481 | Lair:1   | Noticed an eight-headed hydra
  9485 | D:9      | Identified the +6 war axe of Upheaval {freeze, *Noise Str+2
                  | Stlth+} (You found it in an ossuary)
  9960 | Lair:1   | Killed an eight-headed hydra
  9961 | Lair:1   | Reached skill level 5 in Invocations
 10105 | Lair:1   | Noticed a four-headed hydra
 10115 | Lair:1   | Killed a four-headed hydra
 10115 | Lair:1   | Reached ***** piety under Okawaru
 10536 | Lair:2   | Found a hole to the Spider Nest.
 10536 | Lair:2   | Noticed an orb spider
 10567 | Lair:2   | Killed an orb spider
 10596 | Lair:2   | Noticed Gastronok
 10609 | Lair:2   | Killed Gastronok
 10610 | Lair:2   | Reached skill level 10 in Fighting
 10746 | Lair:2   | Noticed Fannar
 10757 | Lair:2   | Killed Fannar
 10757 | Lair:2   | Reached ****** piety under Okawaru
 10757 | Lair:2   | Received a gift from Okawaru
 10758 | Lair:2   | Reached XP level 12. HP: 106/106 MP: 14/16
 10925 | Lair:2   | Got a vibrating granite ring
 11105 | Lair:2   | Reached skill level 15 in Long Blades
 11105 | Lair:2   | Identified the ring "Wifoargh" {+Fly rC+} (You found it on
                  | level 2 of the Lair of Beasts)
 11776 | Lair:4   | Noticed Grum
 11802 | Lair:4   | Killed Grum
 11868 | Lair:4   | Noticed yrara's ghost (journeyman DsFi)
 11870 | Lair:4   | Noticed a four-headed hydra
 11871 | Lair:4   | Found a runed translucent gate.
 11872 | Lair:4   | Found a runed translucent gate.
 11874 | Lair:4   | Found a runed translucent gate.
 12419 | Lair:4   | Reached skill level 10 in Armour
 12542 | Lair:4   | Reached skill level 10 in Dodging
 13345 | Lair:3   | Found a staircase to the Snake Pit.
 13437 | Lair:3   | Received a gift from Okawaru
 13557 | Lair:3   | Reached XP level 13. HP: 116/116 MP: 18/18
 13906 | Lair:3   | Killed yrara's ghost
 14172 | Lair:4   | Reached skill level 2 in Shields
 14183 | Lair:4   | Reached skill level 3 in Shields
 14212 | Lair:5   | Reached skill level 4 in Shields
 14260 | Lair:5   | Reached skill level 5 in Shields
 14323 | Lair:5   | Reached skill level 6 in Shields
 14480 | Lair:5   | Reached skill level 7 in Shields
 14500 | Lair:5   | Reached skill level 8 in Shields
 14563 | Lair:5   | Found a staircase to the Slime Pits.
 14564 | Lair:5   | Found a viscous altar of Jiyva.
 14624 | Lair:5   | Reached skill level 9 in Shields
 14771 | Lair:5   | Reached skill level 10 in Shields
 14908 | Lair:5   | Received a gift from Okawaru
 14927 | Lair:5   | Reached skill level 11 in Shields
 14933 | Lair:5   | Got a polished halberd {god gift}
 15421 | Lair:6   | Entered Level 6 of the Lair of Beasts
 15627 | Lair:6   | Reached skill level 12 in Shields
 15988 | Lair:6   | Noticed Josephine
 15993 | Lair:6   | Killed Josephine
 15994 | Lair:6   | Reached skill level 13 in Shields
 16410 | Lair:6   | Reached skill level 14 in Shields
 16564 | Lair:6   | Noticed a dire elephant
 16578 | Lair:6   | Killed a dire elephant
 16578 | Lair:6   | Received a gift from Okawaru
 16579 | Lair:6   | Reached skill level 15 in Shields
 16816 | Lair:6   | Reached XP level 14. HP: 102/124 MP: 19/19
 17039 | Lair:1   | Gained mutation: You are surrounded by a mild repulsion
                  | field. (EV +2) [potion of mutation]
 17039 | Lair:1   | Gained mutation: You expend magic power (3 MP) to
                  | strengthen your wands. [potion of mutation]
 17057 | D:10     | Entered Level 10 of the Dungeon
 17155 | D:10     | Reached skill level 16 in Shields
 17495 | D:10     | Found a staircase to the Orcish Mines.
 17577 | D:10     | Noticed Erolcha
 17587 | D:10     | Killed Erolcha
 18610 | D:11     | Found a gate to the Vaults.
 18817 | D:11     | Received a gift from Okawaru
 19549 | D:12     | Entered Level 12 of the Dungeon
 19891 | D:12     | Found a staircase to the Depths.
 20084 | D:12     | Reached XP level 15. HP: 123/134 MP: 20/20
 20214 | D:12     | Found Ythryopn's Antique Weapon Emporium.
 20217 | D:12     | Bought a glimmering scimitar for 279 gold pieces
 20618 | D:12     | Identified the +3 scimitar "Miameat" {holy, *Drain rN+++
                  | Int+4} (You bought it in a shop on level 12 of the Dungeon)
 20941 | Snake:1  | Entered Level 1 of the Snake Pit
 21009 | Snake:1  | Received a gift from Okawaru
 21331 | Snake:1  | Noticed Aizul
 21335 | Snake:1  | Noticed a nagaraja
 21354 | Snake:1  | Killed Aizul
 21363 | Snake:1  | Killed a nagaraja
 21461 | Snake:1  | Identified the +7 whip of the Candelabrum {elec, -Tele
                  | rPois MP+9}
 21461 | Snake:1  | Noticed Quickbrownfox's ghost (adept MiAc)
 21463 | Snake:1  | Found a bloodstained altar of Trog.
 21471 | Snake:1  | Found a transporter.
 21479 | Snake:1  | Found a transporter.
 21502 | Snake:1  | Identified the +8 glaive "Oporou" {chaos, +Fly rF++}
 21982 | Snake:2  | Found Onled's Gadget Boutique.
 21983 | Snake:2  | Found Xuocun Moch's Jewellery Emporium.
 21987 | Snake:2  | Found Elurr's Gadget Boutique.
 22247 | Snake:2  | Noticed Asterion
 22269 | Snake:2  | Noticed a balrug
 22272 | Snake:2  | Killed Asterion
 22567 | Snake:2  | Noticed Vashnia
 22595 | Snake:2  | Killed Vashnia
 22595 | Snake:2  | Received a gift from Okawaru
 22739 | Snake:2  | Noticed a nagaraja
 22752 | Snake:2  | Killed a nagaraja
 22753 | Snake:2  | Reached XP level 16. HP: 146/146 MP: 21/21
 22824 | Snake:2  | Noticed Louise
 22848 | Snake:2  | Killed Louise
 23245 | Snake:3  | Entered Level 3 of the Snake Pit
 23898 | Orc      | Entered the Orcish Mines
 24070 | Orc      | Found Wuocasoa's Jewellery Shoppe.
 24324 | Orc      | Received a gift from Okawaru
 24407 | Orc      | Found Boliobb's Book Boutique.
 24407 | Orc      | Found Deov's Armour Shoppe.
 24408 | Orc      | Found Bilija's Book Emporium.
 24408 | Orc      | Found Lewanov's Magic Scroll Boutique.
 24663 | Orc      | Found a staircase to the Elven Halls.
 24735 | Orc      | Found a roughly hewn altar of Beogh.
 25149 | Vaults:1 | Entered Level 1 of the Vaults
 25501 | Vaults:1 | Received a gift from Okawaru
 25532 | Vaults:1 | Reached skill level 17 in Shields
 25978 | Vaults:1 | Reached XP level 17. HP: 154/154 MP: 22/22
 26220 | Vaults:1 | Reached skill level 18 in Shields
 26506 | Vaults:1 | Found Eharas's Antique Weapon Boutique.
 26532 | Vaults:1 | Received a gift from Okawaru
 26797 | Vaults:1 | Reached skill level 19 in Shields
 27600 | Vaults:2 | Found a hide-covered altar of Uskayaw.
 27747 | Vaults:2 | Reached skill level 5 in Throwing
 27929 | Vaults:2 | Reached skill level 20 in Shields
 27994 | Vaults:2 | Received a gift from Okawaru
 28295 | Vaults:2 | Reached XP level 18. HP: 139/161 MP: 23/23
 28314 | Vaults:2 | Reached skill level 21 in Shields
 28325 | Vaults:2 | Received a gift from Okawaru
 28393 | Vaults:2 | Received a gift from Okawaru
 28535 | Vaults:2 | Found a roughly hewn altar of Beogh.
 28586 | Vaults:2 | Received a gift from Okawaru
 28609 | Vaults:2 | Got a sheer robe {god gift}
 28622 | Vaults:2 | Identified the +1 robe of Temperance {rN+ Str+4} (Okawaru
                  | gifted it to you on level 2 of the Vaults)
 28780 | Vaults:2 | Found a staircase to the Crypt.
 28780 | Vaults:2 | Found an ancient bone altar of Kikubaaqudgha.
 28780 | Vaults:2 | Found a basalt altar of Yredelemnul.
 29482 | Elf:1    | Entered Level 1 of the Elven Halls
 29785 | Elf:1    | Noticed an Ice Fiend
 29873 | Elf:1    | Found Tavick's Weapon Boutique.
 29893 | Elf:1    | Found a frozen archway.
 29900 | IceCv    | Entered an ice cave
 30037 | IceCv    | Reached skill level 15 in Fighting
 30157 | IceCv    | Reached skill level 22 in Shields
 30366 | IceCv    | Noticed an Ice Fiend
 30408 | IceCv    | HP: 5/163 [Ice Fiend/bolt of cold (9)]
 30410 | IceCv    | Slain by an Ice Fiend

Skill      XL: |  1  2  3  4  5  6  7  8  9 10 11 12 13 14 15 16 17 18 |
---------------+-------------------------------------------------------+-----
Armour         | 1 2 3 4 5 7 9 10 12 13 14 | 14.0
Long Blades    | 4 5 6 11 14 15 17 19 20 | 20.0
Fighting       | 4 5 6 8 10 11 12 14 15 | 15.2
Dodging        | 4 5 6 8 9 10 11 12 13 | 13.4
Invocations    | 7 8 |  8.7
Shields        | 15 16 17 20 22 | 22.0
Throwing       | 5 |  5.0

Action                   |  1- 3 |  4- 6 |  7- 9 | 10-12 | 13-15 | 16-18 || total
-------------------------+-------+-------+-------+-------+-------+-------++-------
Melee: Long sword        |    86 |   126 |   267 |   745 |   517 |       ||  1741
       Headbutt          |     9 |    23 |    45 |   195 |   477 |   601 ||  1350
       Punch             |       |       |       |     1 |     2 |       ||     3
       Scimitar          |       |       |       |       |  1245 |  1937 ||  3182
Throw: Tomahawk          |       |     6 |    40 |    53 |    24 |     1 ||   124
Invok: Heroism           |       |       |       |     8 |    18 |    23 ||    49
       Finesse           |       |       |       |       |     2 |     4 ||     6
  Use: Potion            |       |     1 |     1 |     6 |     6 |    10 ||    24
       Scroll            |       |       |       |     7 |    16 |    11 ||    34
 Stab: Sleeping          |     1 |       |       |       |       |       ||     1
       Petrified         |       |       |       |       |     1 |       ||     1
  Eat: Chunk             |     4 |     8 |    20 |    27 |    48 |    48 ||   155
       Ration            |       |       |       |     2 |     8 |     4 ||    14
Armor: Leather armour    |     7 |       |       |       |       |       ||     7
       Ring mail         |    20 |    52 |   109 |    76 |   272 |       ||   529
       Plate armour      |       |       |       |   171 |       |       ||   171
       Chain mail        |       |       |       |       |   234 |   502 ||   736
Dodge: Dodged            |    55 |   101 |   187 |   333 |   780 |   802 ||  2258
       Deflected         |       |       |       |     1 |    28 |    27 ||    56
Block: Other             |       |       |    21 |    79 |    57 |       ||   157
       Medium shield     |       |       |       |       |  1427 |  1962 ||  3389
       Large shield      |       |       |       |       |       |   385 ||   385
